 Dungeon Crawl Stone Soup version 0.21-a0-507-ga8f6b7a (webtiles) character file.

3817 tv1990 the Destroyer (level 9, -6/68 HPs)
             Began as a Purple Draconian Fire Elementalist on Nov 28, 2017.
             Was an Elder of Vehumet.
             Mangled by an orc knight
             ... wielding a +0 war axe
              (29 damage)
             ... in a bailey.
             The game lasted 00:36:20 (8609 turns).

tv1990 the Destroyer (DrFE)                         Turns: 8609, Time: 00:36:21

Health: -6/68      AC:  9    Str: 11    XL:     9   Next: 97%
Magic:  9/20       EV: 13    Int: 22    God:    Vehumet [****..]
Gold:   418        SH:  0    Dex: 11    Spells: 7/23 levels left

rFire    . . .     SeeInvis .   y - +0 trident
rCold    . . .     Gourm    .   (no shield)
rNeg     . . .     Faith    .   (armour unavailable)
rPois    .         Spirit   .   (helmet restricted)
rElec    .         Reflect  .   (no cloak)
rCorr    .         Harm     .   (no gloves)
MR       +....                  m - +1 pair of boots
Stlth    ++........             (no amulet)
HPRegen  0.21/turn              g - +3 ring of intelligence
MPRegen  0.17/turn              u - ring of flight

@: no status effects
A: breathe power, unfitting armour, cold-blooded, AC +7
a: Breathe Dispelling Energy, Renounce Religion, Evoke Flight


You were in a bailey.
You worshipped Vehumet.
Vehumet was greatly pleased with you.
You were not hungry.

You visited 1 branch of the dungeon, and saw 8 of its levels.
You also visited: Bailey.

You collected 418 gold pieces.

Inventory:

Hand Weapons
 c - a +0 club
 d - a +0 hand axe
 h - a +1 spear
 y - a +0 trident (weapon)
Missiles
 i - 4 tomahawks of returning (quivered)
Armour
 m - a +1 pair of boots (worn)
Jewellery
 g - a +3 ring of intelligence (left hand)
 t - an uncursed amulet of guardian spirit {unknown}
 u - a ring of flight (right hand)
Wands
 z - a wand of acid (9)
Scrolls
 e - 5 scrolls of identify
 f - 2 scrolls of remove curse
 p - a scroll of amnesia
 q - a scroll of enchant weapon
 C - a scroll of random uselessness {unknown}
Potions
 j - 4 potions of flight
 l - a potion of curing
 n - 2 potions of invisibility
 s - 2 potions of magic
 v - 2 potions of heal wounds {unknown}
 A - a potion of berserk rage {unknown}
 B - a potion of might {unknown}
 D - a potion of ambrosia
 E - a potion of agility {unknown}
Books
 a - a book of Flames

   Spells                             Type                      Level
   a - Flame Tongue                   Conjuration/Fire             1
   b - Throw Flame                    Conjuration/Fire             2
   c - Conjure Flame                  Conjuration/Fire             3
   d - Inner Flame                    Hexes/Fire                   3
   e - Sticky Flame                   Conjuration/Fire             4
   f - Fireball                       Conjuration/Fire             5
Comestibles
 b - 5 bread rations
 k - 2 meat rations
 o - 2 chunks of flesh
 r - 5 royal jellies


   Skills:
 + Level 2.9 Fighting
 + Level 3.1 Dodging
 - Level 1.7 Stealth
 - Level 7.9 Spellcasting
 - Level 9.8 Conjurations
 - Level 7.5 Fire Magic


You had 7 spell levels left.
You knew the following spells:

 Your Spells              Type           Power        Failure   Level  Hunger
a - Flame Tongue          Conj/Fire      #####        1%          1    None
b - Conjure Flame         Conj/Fire      #####...     1%          3    None
c - Sticky Flame          Conj/Fire      #####...     1%          4    ###....
d - Fireball              Conj/Fire      #####.....   1%          5    #####..
e - Stone Arrow           Conj/Erth      ####..       1%          3    None


Dungeon Overview and Level Annotations

Branches:
Dungeon (8/15)             Temple (0/1) D:4            Lair (0/6) D:8

Altars:
Dithmenos
Elyvilon
Hepliaklqana
Kikubaaqudgha
Makhleb
Nemelex Xobeh
Vehumet
Yredelemnul
The Shining One

Annotations:
D:3 Tux's ghost, amateur KoHu


Innate Abilities, Weirdness & Mutations

You can breathe bolts of dispelling energy.
Your rich purple scales are hard. (AC +7)
You cannot fit into any form of body armour.
You are cold-blooded and may be slowed by cold attacks.


Message History

The orc knight closely misses you.
Aim: an orc knight, wielding a war axe and wearing a scale mail (heavily wounded)
The flame tongue hits the orc knight.
The orc knight hits you with a war axe!
Aim: an orc knight, wielding a war axe and wearing a scale mail (heavily wounded)
The flame tongue hits the orc knight.
The orc knight hits you with a war axe!
Aim: an orc knight, wielding a war axe and wearing a scale mail (heavily wounded)
The sticky flame hits the orc knight.
The orc knight is covered in liquid flames!
The orc knight burns!
The orc knight hits you with a war axe!!
* * * LOW HITPOINT WARNING * * *
The orc knight burns!
Things that are here:
a broad axe; a plate armour; an orc corpse The orc knight burns!
The orc knight burns!
Aim: an orc knight, wielding a war axe and wearing a scale mail (almost dead, covered in liquid flames)
The bolt of acid misses the orc knight.
The orc knight burns!
The orc knight hits you with a war axe!!
You die...

#############
####............
##...........#
##.........#)##
#@o).)⌠).).#(.#
##.......###..#
#########.....'(#.)####
#≈≈≈≈≈≈#.(..(.###..). .
≈≈≈≈≈≈≈≈≈(.)(((#..####
###≈≈≈≈≈≈≈≈≈)(####.gg
###....≈≈≈≈≈≈≈∩#.og
##....(..≈≈≈≈####
##.......≈≈≈≈≈≈≈


You could see an orc knight (burning).

Vanquished Creatures
  An orc knight (Bailey)
  A hippogriff (D:8)
  A hungry ghost (D:7)
  Menkaure (D:5)
  2 ice beasts
  5 orc warriors
  4 ogres
  A phantom (D:5)
  A centaur (D:8)
  A big kobold (D:8)
  3 bullfrogs (D:7)
  2 scorpions
  2 killer bees (D:8)
  A howler monkey (D:5)
  An electric eel (D:6)
  A crimson imp (D:7)
  2 centaur zombies
  A jelly (D:7)
  6 orc priests
  A hound (D:5)
  2 iguanas
  12 orc wizards
  7 worker ants
  A killer bee zombie (D:8)
  A hound zombie (D:7)
  2 hound skeletons
  A worker ant zombie (D:7)
  8 gnolls
  8 adders
  2 shadow imps
  2 oozes
  An adder zombie (D:7)
  An adder skeleton (D:4)
  3 worms
  2 dart slugs
  5 leopard geckos
  32 orcs
  5 giant cockroaches
  17 goblins
  11 hobgoblins
  12 jackals
  6 quokkas
  3 ball pythons
  8 bats
  4 frilled lizards
  A giant cockroach zombie (D:6)
  23 kobolds
  A leopard gecko skeleton (D:4)
  A quokka skeleton (D:6)
  A quokka zombie (D:7)
  8 rats
229 creatures vanquished.

Notes
Turn   | Place    | Note
-------+----------+-------------------------------------------
     0 | D:1      | tv1990 the Draconian Fire Elementalist began the quest for the Orb.
     0 | D:1      | Reached XP level 1. HP: 14/14 MP: 3/3
   189 | D:1      | Reached XP level 2. HP: 20/20 MP: 3/5
   480 | D:1      | Reached skill level 2 in Conjurations
   794 | D:1      | Reached XP level 3. HP: 26/26 MP: 4/6
   799 | D:1      | Learned a level 3 spell: Conjure Flame
  1091 | D:2      | HP: 1/26 [dart slug/slug dart (4)]
  1620 | D:2      | Found a shadowy altar of Dithmenos.
  1635 | D:2      | Reached XP level 4. HP: 33/33 MP: 5/7
  1641 | D:2      | Learned a level 4 spell: Sticky Flame
  1797 | D:2      | Reached skill level 3 in Conjurations
  2104 | D:3      | Found a radiant altar of Vehumet.
  2108 | D:3      | Noticed Tux's ghost (amateur KoHu)
  2224 | D:3      | Became a worshipper of Vehumet
  2250 | D:3      | Found a glowing golden altar of the Shining One.
  2479 | D:3      | Found a sparkling altar of Nemelex Xobeh.
  2528 | D:4      | Reached XP level 5. HP: 38/38 MP: 4/9
  2672 | D:3      | Found a white marble altar of Elyvilon.
  3533 | D:4      | Reached skill level 4 in Conjurations
  3910 | D:4      | Found a basalt altar of Yredelemnul.
  3923 | D:4      | Noticed an ogre
  3934 | D:4      | Killed an ogre
  3934 | D:4      | Reached XP level 6. HP: 45/45 MP: 1/11
  4074 | D:4      | Found a hazy altar of Hepliaklqana.
  4299 | D:4      | Found a staircase to the Ecumenical Temple.
  4506 | D:4      | Reached * piety under Vehumet
  4506 | D:4      | Offered knowledge of Sting by Vehumet.
  4583 | D:5      | Entered Level 5 of the Dungeon
  4603 | D:5      | Reached skill level 5 in Conjurations
  4695 | D:5      | Your scales start taking on a rich purple colour.
  4695 | D:5      | Reached XP level 7. HP: 50/50 MP: 0/14
  5149 | D:5      | Found a burning altar of Makhleb.
  5169 | D:5      | Reached skill level 5 in Spellcasting
  5169 | D:5      | Reached skill level 5 in Fire Magic
  5305 | D:5      | Reached skill level 6 in Conjurations
  5550 | D:5      | Noticed Menkaure
  5553 | D:5      | Killed Menkaure
  5703 | D:6      | Reached XP level 8. HP: 30/57 MP: 6/16
  5914 | D:6      | Offered knowledge of Freeze by Vehumet.
  5917 | D:6      | Reached ** piety under Vehumet
  5917 | D:6      | Reached skill level 7 in Conjurations
  5984 | D:6      | Found an ancient bone altar of Kikubaaqudgha.
  6805 | D:6      | Learned a level 5 spell: Fireball
  6816 | D:6      | Reached skill level 8 in Conjurations
  7129 | D:7      | Offered knowledge of Dazzling Spray by Vehumet.
  7161 | D:7      | Reached XP level 9. HP: 62/62 MP: 3/19
  7211 | D:7      | Reached *** piety under Vehumet
  7729 | D:7      | Offered knowledge of Stone Arrow by Vehumet.
  7734 | D:7      | Learned a level 3 spell: Stone Arrow
  7805 | D:8      | Reached skill level 9 in Conjurations
  7950 | D:8      | Noticed a queen bee
  8038 | D:8      | Reached **** piety under Vehumet
  8071 | D:8      | Found a flagged portal.
  8083 | Bailey   | Entered a bailey
  8282 | Bailey   | Noticed an orc knight
  8298 | Bailey   | Offered knowledge of Lee's Rapid Deconstruction by Vehumet.
  8315 | Bailey   | Noticed an orc knight
  8405 | Bailey   | Reached skill level 1 in Fighting
  8431 | Bailey   | Killed an orc knight
  8609 | Bailey   | Mangled by an orc knight

Skill      XL: |  1  2  3  4  5  6  7  8  9 |
---------------+----------------------------+-----
Conjurations   | 2 3 4 5 6 8 9 |  9.8
Spellcasting   | 3 4 5 6 7 |  7.9
Fire Magic     | 4 5 6 7 |  7.5
Fighting       | 2 |  2.9
Dodging        | 3 |  3.1
Stealth        | |  1.7

Action                   |  1- 3 |  4- 6 |  7- 9 || total
-------------------------+-------+-------+-------++-------
Melee: Unarmed           |    11 |       |       ||    11
       Hand axe          |    22 |    28 |       ||    50
       Tailslap          |     3 |     1 |     9 ||    13
       Spear             |       |    12 |     9 ||    21
       Trident           |       |       |    57 ||    57
 Cast: Flame Tongue      |    57 |   137 |   257 ||   451
       Conjure Flame     |     1 |     4 |     2 ||     7
       Sticky Flame      |       |     3 |    28 ||    31
       Fireball          |       |       |     4 ||     4
 Abil: Breathe Dispellin |       |       |     7 ||     7
Evoke: Wand              |       |       |    11 ||    11
  Use: Potion            |     2 |     1 |     4 ||     7
       Scroll            |       |    14 |     4 ||    18
 Stab: Sleeping          |       |       |     1 ||     1
  Eat: Chunk             |     3 |     5 |    16 ||    24
       Meat ration       |       |     1 |     1 ||     2
Armor: Skin              |    19 |    49 |    69 ||   137
Dodge: Dodged            |    35 |    41 |   110 ||   186

Vault maps used:
D:1:      nzn_arrival_crosshair, minmay_misc_feat_hallway,
          hangedman_decor_clover_reticule
D:2:      lemuel_doored_altar
D:3:      minmay_goblin_kobold_castle, vehumet_crystals,
          nemelex_xobeh_ov_fountains_minmay, elyvilon_altar_1, first_bread,
          nicolae_tso_carved_into_rock
D:4:      lemuel_coloured_pillars_altar, overflow_temple_1_default,
          minmay_temple_entry_crystal_x, kennysheep_flooded_box
D:5:      marbit_many_paths, uniq_menkaure
D:6:      kiku_gazebo_pond_becter, minivault_14
D:8:      lair_entry_dummy, enter_bailey_7, david_nohive_1, st_stairs_14
Bailey:   bailey_axe_4, bailey
